 Dungeon Crawl Stone Soup version 0.30-a0-782-ge64f9170bb (webtiles) character file.

Game seed: 3179884013520449241

96 Drevant2 the Digger (level 4, 0/30 HPs)
             Began as a Formicid Earth Elementalist on Feb 27, 2023.
             Killed by divine providence
             ... invoked by an orc priest
              (13 damage)
             ... on level 4 of the Dungeon.
             The game lasted 00:06:32 (2210 turns).

Drevant2 the Digger (Formicid Earth Elementalist)   Turns: 2210, Time: 00:06:32

Health: 0/30       AC:  3    Str: 12    XL:     4   Next: 98%
Magic:  7/7        EV: 12    Int: 17    God:
Gold:   142        SH:  0    Dex: 14    Spells: 4/7 levels left

rFire   . . .      SeeInvis +    f - +0 dagger
rCold   + . .      Faith    .    (no shield)
rNeg    . . .      Spirit   .    a - +0 robe
rPois   .          Reflect  .    (helmet unavailable)
rElec   .          Harm     .    (no cloak)
rCorr   .          Rampage  .    (no gloves)
Will    .....                    d - +0 pair of boots
Stlth   ++                       (no amulet)
HPRegen 0.25/turn                q - ring of protection from cold
MPRegen 0.10/turn                (no ring)

@: lethally poisoned (0 -> -7)
A: permanent stasis, dig shafts and tunnels, antennae 3, four strong arms
a: Dig, Shaft Self


You were on level 4 of the Dungeon.
You visited 1 branch of the dungeon, and saw 4 of its levels.

You collected 142 gold pieces.

Inventory:

Hand Weapons
 f - a +0 dagger (weapon)
Armour
 a - a +0 robe (worn)
 d - a +0 pair of boots (worn)
 j - a +0 leather armour of cold resistance
Jewellery
 q - a ring of protection from cold (left hand)
Scrolls
 c - a scroll of magic mapping {unknown}
 e - a scroll of immolation
 m - 3 scrolls of blinking
 n - a scroll of noise {unknown}
 p - a scroll of vulnerability {unknown}
Potions
 b - a potion of magic
 g - 3 potions of invisibility {unknown}
 h - a potion of berserk rage {unknown}
 i - a potion of curing {unknown}
 k - a potion of degeneration {unknown}
 l - a potion of cancellation {unknown}
 o - 2 potions of mutation {unknown}


   Skills:
 - Level 1.7 Dodging
 - Level 2.4 Stealth
 - Level 2.1 Spellcasting
 - Level 1.1 Transmutations
 + Level 6.4 Earth Magic


You had 4 spell levels left.
You knew the following spells:

 Your Spells              Type           Power      Damage    Failure   Level
a - Sandblast             Erth           46%        2d11      1%          1
b - Passwall              Tmut/Erth      11%        N/A       6%          2

Your spell library contained the following spells:

 Spells                   Type           Power      Damage    Failure   Level
 Stone Arrow              Conj/Erth      24%        3d8       16%         3
 Petrify                  Tmut/Erth      14%        N/A       38%         4
 Ozocubu's Armour         Ice            1%         N/A       50%         3
 Metabolic Englaciation   Hex/Ice        0%         N/A       99%         5
 Summon Forest            Summ/Tloc      0%         N/A       99%         5
 Summon Mana Viper        Hex/Summ       1%         N/A       99%         5
 Simulacrum               Ice/Necr       0%         N/A       100%        6
 Summon Cactus Giant      Summ           0%         N/A       100%        6


Dungeon Overview and Level Annotations

Branches:
Dungeon (4/15)
 Temple: D:4-7

Altars:
Xom
Zin

Shops:
D:2 [


Innate Abilities, Weirdness & Mutations

You cannot be hasted, slowed, berserked, paralysed or teleported.
You can dig through walls and to a lower floor.
You have a pair of large antennae on your head. (SInv)
Your four strong arms can wield two-handed weapons with a shield.


Message History

The ball python is severely wounded.
The ball python bites you but does no damage.
The ball python constricts you.
You hit the ball python.
You kill the ball python!
No target in view!
HP restored.
m - 4 scrolls labelled YKHLEG ZELIE (gained 1)
Found a stone staircase leading down.
There is a shimmering altar of Xom here.
Done exploring.
Done exploring.
There is a stone staircase leading down here.
You climb downwards.
There is a stone staircase leading up here.
Found a hand axe.
Found a notched diamond ring.
q - a ring of protection from cold
q - a ring of protection from cold (left hand)
You start waiting.
A scorpion comes into view.
An orc priest and 2 orcs come into view.
The orc shouts!
As you read the scroll labelled JIAKIE VUYTZ, it crumbles to dust.
The creatures around you are filled with an inner flame!
It was a scroll of immolation.
An orc comes into view.
It is wielding a +0 war axe of electrocution and wearing a +1 leather armour of fire resistance.
As you read the scroll labelled YKHLEG ZELIE, it crumbles to dust.
Your stasis prevents you from teleporting.
It was a scroll of blinking.
The scorpion stings you. x2
You are poisoned.
The scorpion poisons you! The scorpion attacks as you move away!
The scorpion stings you.
* * * LOW HITPOINT WARNING * * *
You feel very sick.
You feel very sick.
The orc priest calls down the wrath of Beogh upon you.
Beogh smites you!
You die...

#...# #..## #...#
#...# #...# #...###
#...# ##.....###
#...# ##....o...#
#...####...o#..{{{..
#........s..####..o.
###..........## ##.
####........)@..#
###......#####....#
##......### ##...#
...<....# #...#
........# #...#
###.....# ##..#
##....# #... #....#
#... ##...#


You could see a scorpion (inner flame), an orc priest (inner flame) and an orc
(inner flame).

Vanquished Creatures
  An iguana (D:3)
  An adder (D:3)
  A dart slug (D:2)
  4 orcs (D:3)
  3 ball pythons
  3 bats
  6 endoplasms (D:1)
  4 giant cockroaches
  5 goblins
  6 hobgoblins
  2 jackals (D:1)
  4 kobolds
  2 quokkas
  3 frilled lizards
  A rat (D:1)
46 creatures vanquished.

Vanquished Creatures (others)
  2 plants (D:1)
  4 toadstools (D:1)
6 creatures vanquished.

Grand Total: 52 creatures vanquished

Notes
Turn   | Place    | Note
-------+----------+-------------------------------------------
     0 | D:1      | Drevant2 the Formicid Earth Elementalist began the quest
                  | for the Orb.
     0 | D:1      | Reached XP level 1. HP: 13/13 MP: 3/3
    53 | D:1      | Reached skill level 4 in Earth Magic
   114 | D:1      | Reached XP level 2. HP: 19/19 MP: 1/5
   490 | D:1      | Reached XP level 3. HP: 24/24 MP: 4/6
   544 | D:1      | Reached skill level 5 in Earth Magic
   922 | D:1      | Learned a level 2 spell: Passwall
   988 | D:2      | Found Deijunk's Antique Armour Boutique.
  1406 | D:3      | Reached XP level 4. HP: 25/30 MP: 3/7
  1506 | D:3      | Found a glowing silver altar of Zin.
  1580 | D:3      | Found a shimmering altar of Xom.
  1765 | D:3      | Reached skill level 6 in Earth Magic
  2201 | D:4      | Noticed a scorpion
  2210 | D:4      | Killed from afar by an orc priest

Illustrated notes

Levels and vault maps discovered:
D:1:      ldierk_walled_garden_2, layout_loops_ring
D:2:      layout_rooms, serial_shops, shop
D:3:      layout_basic, zin_academy, marbit_many_paths
D:4:      layout_layer_cave, overflow_temple_1_default,
          nicolae_ashenzari_skybound, kennysheep_dice

Skill      XL: |  1  2  3  4 |
---------------+-------------+-----
Earth Magic    | 4 5 6 |  6.4
Dodging        | |  1.7
Stealth        | |  2.4
Spellcasting   | |  2.1
Transmutations | |  1.1

Action                     |  1- 3 |  4- 6 || total
---------------------------+-------+-------++-------
  Melee: Dagger            |    29 |    17 ||    46
         Unarmed           |     6 |       ||     6
         Punch             |     1 |       ||     1
   Cast: Sandblast         |    32 |    17 ||    49
    Use: Scroll            |       |     2 ||     2
   Stab: Sleeping          |     5 |     3 ||     8
 Armour: Robe              |     6 |    11 ||    17
  Dodge: Dodged            |    33 |    18 ||    51

Table legend: (Time is in decaauts)
 A = Elapsed time spent in this place.
 B = Non-inter-level travel time spent in this place.
 C = Inter-level travel time spent in this place.
 D = Time resting spent in this place.
 E = Time spent auto-exploring this place.
 F = Levels seen in this place.
 G = Mean time per level.
                   A        B        C        D        E       F      G
               +--------+--------+--------+--------+--------+-----+--------+
         Total |   2233 |   1900 |    333 |    555 |    888 |   4 |  558.2 |
       Dungeon |   2233 |   1900 |    333 |    555 |    888 |   4 |  558.2 |
               +--------+--------+--------+--------+--------+-----+--------+

Top non-repeatable levels by time:
     D:1: 999 daAuts
     D:3: 818 daAuts
     D:2: 311 daAuts
     D:4: 104 daAuts
